 Dungeon Crawl Stone Soup version 0.19.0-24-gb05acd6 (webtiles) character file.

122 smedtjen the Firebug (level 4, 0/24 HPs)
             Began as a Deep Elf Fire Elementalist on Nov 21, 2016.
             Was an Initiate of Qazlal.
             Slain by a gnoll
             ... wielding a +0 halberd
              (12 damage)
             ... on level 2 of the Dungeon.
             The game lasted 00:09:49 (2731 turns).

smedtjen the Firebug (Deep Elf Fire Elementalist)   Turns: 2731, Time: 00:09:49

Health: 0/24       AC:  3    Str:  5    XL:     4   Next: 78%
Magic:  3/12       EV: 12    Int: 21    God:    Qazlal [......]
Gold:   137        SH:  0    Dex: 15    Spells: 2 memorised, 8 levels left

rFire  . . .     SeeInvis .     d - +1 dagger (speed)
rCold  . . .     Gourm    .     k - +0 leather armour
rNeg   . . .     Faith    .     (no shield)
rPois  .         Spirit   .     (no helmet)
rElec  .         Reflect  .     (no cloak)
rCorr  .         Harm     .     (no gloves)
MR     .....                    (no boots)
Stlth  ++........               (no amulet)
                                (no ring)
                                (no ring)

@: no status effects
A: no striking features
a: Renounce Religion


You were on level 2 of the Dungeon.
You worshipped Qazlal.
Qazlal was noncommittal.
You were not hungry.

You visited 1 branch of the dungeon, and saw 2 of its levels.

You collected 137 gold pieces.

Inventory:

Hand Weapons
 d - a +1 dagger of speed (weapon)
Missiles
 j - 7 javelins (quivered)
Armour
 a - a +0 robe
 k - a +0 leather armour (worn)
Scrolls
 h - a scroll of fog {unknown}
 l - a scroll of teleportation {unknown}
 o - 3 scrolls of identify {unknown}
 q - a scroll of amnesia {unknown}
 r - a scroll of noise {unknown}
Potions
 e - 2 potions of cancellation {unknown}
 f - a potion of agility {unknown}
 i - a potion of mutation {unknown}
 m - 2 potions of haste {unknown}
 n - a potion of ambrosia {unknown}
 p - a potion of resistance {unknown}
 t - 2 potions of magic {unknown}
Books
 b - a book of Flames

   Spells                             Type                      Level
   a - Flame Tongue                   Conjuration/Fire             1
   b - Throw Flame                    Conjuration/Fire             2
   c - Conjure Flame                  Conjuration/Fire             3
   d - Inner Flame                    Hexes/Fire                   3
   e - Sticky Flame                   Conjuration/Fire             4
   f - Fireball                       Conjuration/Fire             5
Comestibles
 c - 4 bread rations
 g - 3 meat rations
 s - 3 chunks of flesh


   Skills:
 + Level 0.4 Fighting
 + Level 0.2 Short Blades
 + Level 0.4 Armour
 + Level 2.8 Dodging
 + Level 3.1 Stealth
 + Level 4.1 Spellcasting
 + Level 2.4 Conjurations
 + Level 4.2 Fire Magic


You had 8 spell levels left.
You knew the following spells:

 Your Spells              Type           Power        Failure   Level  Hunger
a - Flame Tongue          Conj/Fire      ###..        8%          1    None
b - Throw Flame           Conj/Fire      ###...       10%         2    #......


Dungeon Overview and Level Annotations

Branches:
Dungeon (2/15)

Altars:
Ashenzari
Elyvilon
Qazlal
Ru


Message History

Aim: a gnoll, wielding a flail (severely wounded)
The puff of flame hits the gnoll.
You kill the gnoll!
Qazlal accepts your kill.
Casting: Throw Flame
Confirm with . or Enter, or press ? or * to list all spells.
You can't see any susceptible monsters within range! (Use Z to cast anyway.) Unknown command.
The gnoll hits you from afar with a halberd!
Ouch! That really hurt!
Casting: Throw Flame
Confirm with . or Enter, or press ? or * to list all spells.
Aiming: Flame Tongue
Press: ? - help, Shift-Dir - straight line, f - gnoll
Aim: a gnoll, wielding a halberd The flame tongue hits the gnoll.
The gnoll is severely wounded.
The gnoll hits you from afar with a halberd!
Ouch! That really hurt!
You die...

#........#.##.##.#######.#....
#.#...........##.#...........#
#.#..............>....##.#.###
#.#..............#.##.##.#..#.
#........###.###.#.#........#.
###.##...# #.# #.#.#..##.####.
#.##..<# #.###.#.#..#..# ##
#.###.####............## # #
#.# #......@....##..#.######
## #.#
#.####.)###.##.........# .#
##.###.# #.g# #.#.....####.#
.# #..#.... .>..# #.#.###.#
#.# .# #.##.#.#####.###...#
#.# #.# #
#.##.#...........#.###)# #.# #
#.##.#######.###.#.....# #.#
#.##......##.# #.###)#.# #.#
#.####.....).###.###.#.# #.#


You could see a gnoll.

Vanquished Creatures
  2 gnolls (D:2)
  4 adders (D:2)
  2 oozes (D:1)
  4 dart slugs
  2 leopard geckos (D:2)
  3 giant cockroaches (D:2)
  4 goblins
  5 hobgoblins
  6 jackals
  2 kobolds (D:1)
  A quokka (D:2)
  A ball python (D:1)
  5 bats
  3 frilled lizards
  7 rats (D:1)
51 creatures vanquished.

Notes
Turn   | Place    | Note
-------+----------+-------------------------------------------
     0 | D:1      | smedtjen the Deep Elf Fire Elementalist began the quest for the Orb.
     0 | D:1      | Reached XP level 1. HP: 10/10 MP: 6/6
   408 | D:1      | Reached XP level 2. HP: 7/15 MP: 1/8
   473 | D:1      | Learned a level 2 spell: Throw Flame
   914 | D:1      | Reached XP level 3. HP: 17/19 MP: 5/9
  2066 | D:2      | Found a sacrificial altar of Ru.
  2069 | D:2      | Found a stormy altar of Qazlal.
  2072 | D:2      | Found a shattered altar of Ashenzari.
  2076 | D:2      | Reached XP level 4. HP: 13/24 MP: 6/11
  2196 | D:2      | Found a white marble altar of Elyvilon.
  2209 | D:2      | Became a worshipper of Qazlal Stormbringer
  2731 | D:2      | Slain by a gnoll

Skill      XL: |  1  2  3  4 |
---------------+-------------+-----
Fire Magic     | 4 |  4.2
Conjurations   | 2 |  2.4
Spellcasting   | 4 |  4.1
Stealth        | 3 |  3.1
Fighting       | |  0.4
Short Blades   | |  0.2
Armour         | |  0.4
Dodging        | |  2.8

Action                   |  1- 3 |  4- 6 || total
-------------------------+-------+-------++-------
Melee: Dagger            |    45 |     2 ||    47
 Cast: Flame Tongue      |    49 |    17 ||    66
       Throw Flame       |    22 |     7 ||    29
 Stab: Sleeping          |     1 |     1 ||     2
  Eat: Chunk             |     4 |     2 ||     6
Armor: Robe              |     7 |       ||     7
       Leather armour    |     9 |     1 ||    10
Dodge: Dodged            |    66 |     7 ||    73
